 Dungeon Crawl Stone Soup version 0.26.0-10-g1f06aea511 (webtiles) character file.

Game seed: 7417943915689044747

29868 Dirian the Fencer (level 13, -1/122 HPs)
             Began as a Minotaur Fighter on Jan 19, 2021.
             Slain by a draconian simulacrum (20 damage)
             ... in an ice cave.
             The game lasted 00:32:01 (16165 turns).

Dirian the Fencer (Minotaur Fighter)               Turns: 16165, Time: 00:32:02

Health: -1/122     AC: 18    Str: 30    XL:     13   Next: 17%
Magic:  12/12      EV:  9    Int:  5    God:
Gold:   998        SH: 12    Dex: 12    Spells: 12/12 levels left

rFire    + . .     SeeInvis .   a - +6 scimitar
rCold    . . .     Faith    .   c - +1 kite shield
rNeg     . . .     Spirit   .   s - +1 chain mail "Loaly" {rPois}
rPois    +         Reflect  .   (helmet restricted)
rElec    .         Harm     .   j - +0 cloak
rCorr    .         Rampage  .   f - +0 pair of gloves
Will     .....                  G - +0 pair of boots
Stlth    ..........             (no amulet)
HPRegen  0.30/turn              p - +6 ring of strength
MPRegen  0.13/turn              k - ring of protection from fire

@: slowed, very slow
A: retaliatory headbutt, horns 2
a: no special abilities


You were in an ice cave.
You visited 3 branches of the dungeon, and saw 18 of its levels.
You also visited: Ossuary and Ice Cave.

You collected 998 gold pieces.

Inventory:

Hand Weapons
 a - a +6 scimitar (weapon)
 b - a +0 long sword of flaming
 E - a +4 scimitar of freezing
Armour
 c - a +1 kite shield (worn)
 f - a +0 pair of gloves (worn)
 j - a +0 cloak (worn)
 s - the +1 chain mail "Loaly" (worn) {rPois}
   (You found it on level 9 of the Dungeon)

   It protects you from poison.
 v - a +0 plate armour
 G - a +0 pair of boots (worn)
Jewellery
 g - an uncursed ring of positive energy
 k - a ring of protection from fire (right hand)
 p - a +6 ring of strength (left hand)
Wands
 e - a wand of iceblast (10)
 m - a wand of flame (14)
 H - a wand of acid (8)
 K - a wand of polymorph (5)
Scrolls
 l - 6 scrolls of enchant armour
 o - a scroll of summoning
 r - 2 scrolls of identify
 t - 8 scrolls of teleportation
 u - 7 scrolls of immolation
 x - a scroll of remove curse
 z - a scroll of blinking
Potions
 d - a potion of might
 h - a potion of haste
 i - 3 potions of lignification
 n - 3 potions of resistance
 q - 5 potions of curing
 w - 2 potions of heal wounds
 y - 2 potions of magic
 A - a potion of cancellation
 B - 2 potions of ambrosia
 C - a potion of mutation
 D - a potion of attraction
 F - a potion of flight {unknown}
 I - a potion of berserk rage
 J - 2 potions of brilliance {unknown}


   Skills:
 + Level 13.2 Fighting
 + Level 15.8 Long Blades
 + Level 12.7 Armour
 - Level 5.0 Dodging
 - Level 5.0 Shields
 * Level 7.2 Evocations


You had 12 spell levels left.
You didn't know any spells.
Your spell library contained the following spells:

 Spells                   Type           Power        Failure   Level
 Corona                   Hex            0%           100%        1
 Magic Dart               Conj           0%           100%        1
 Blink                    Tloc           N/A          100%        2
 Call Imp                 Summ           0%           100%        2
 Ensorcelled Hibernation  Hex/Ice        0%           100%        2
 Searing Ray              Conj           0%           100%        2
 Slow                     Hex            0%           100%        2
 Confusing Touch          Hex            0%           100%        3
 Conjure Flame            Conj/Fire      0%           100%        3
 Dazzling Flash           Conj/Hex       0%           100%        3
 Gell's Gravitas          Tloc           0%           100%        3
 Mephitic Cloud           Conj/Pois/Air  0%           100%        3
 Tukima's Dance           Hex            0%           100%        3
 Fulminant Prism          Conj/Hex       0%           100%        4
 Iskenderun's Mystic Bla  Conj/Tloc      0%           100%        4
 Petrify                  Tmut/Erth      0%           100%        4
 Metabolic Englaciation   Hex/Ice        0%           100%        5
 Yara's Violent Unravell  Hex/Tmut       0%           100%        5


Dungeon Overview and Level Annotations

Branches:
Dungeon (15/15)            Temple (1/1) D:7            Lair (2/6) D:8
    Orc (0/2) D:11        Ossuary (visited)           IceCv (1/1)
  Swamp: Lair:2-4    Shoals: Lair:2-4     Snake: Lair:2-4    Spider: Lair:2-4
 Vaults: D:13-14     Depths: D:15

Altars:
Ashenzari
Cheibriados
Dithmenos
Elyvilon
Fedhas
Gozag
Hepliaklqana
Kikubaaqudgha
Makhleb
Nemelex Xobeh
Okawaru
Qazlal
Ru
Sif Muna
Trog
Uskayaw
Vehumet
Wu Jian
Xom
Yredelemnul
Zin
The Shining One

Shops:
D:5 *   D:6 [

Portals:
Trove: D:11 (give 19 potions of curing)

Annotations:
D:7 2 transporters


Innate Abilities, Weirdness & Mutations

You reflexively headbutt those who attack you in melee.
You have a pair of horns on your head.


Message History

The draconian simulacrum vapourises!
You slash the white imp!
You kill the white imp!
You slash the ogre simulacrum!
The ogre simulacrum is almost destroyed.
The draconian simulacrum hits you. The draconian simulacrum freezes you!!
* * * LOW HITPOINT WARNING * * *
You block the draconian simulacrum's attack.
The ogre simulacrum hits you but does no damage.
You slice the ogre simulacrum!!
The ogre simulacrum vapourises!
You block the draconian simulacrum's attack.
Your shield and chain mail "Loaly" prevent you from hitting the draconian simulacrum.
Your headbutt misses the draconian simulacrum.
You hit the draconian simulacrum.
The draconian simulacrum is lightly damaged.
The draconian simulacrum hits you.
* * * LOW HITPOINT WARNING * * *
The draconian simulacrum freezes you!!
You die...
Z5ZZ.

#...## ##... .Z5Z
##...### #### 5.W##
###...### # W5.##
###...### .Z.#####
##....### ###...##.##
###....##
#....##...## ###...#
#..###..#..########..
##.○@..###.....###..#
##Z..## ##........##
########.........#
#...........#
#...........#
####.......##
###...### ##..###
####..##


You could see a draconian simulacrum.

Vanquished Creatures
  Kirke (D:11)
  A boulder beetle (D:14)
  A centaur warrior (D:13)
  A dancing weapon (D:13)
  A death yak (D:7)
  3 two-headed ogres
  2 unseen horrors
  A wizard (D:14)
  A deep elf mage (D:14)
  A cyclops (D:11)
  5 ugly things
  A black mamba (Lair:2)
  Joseph (D:10)
  Psyche (D:10)
  A gargoyle (D:12)
  Maggie (D:7)
  A komodo dragon (D:12)
  2 rime drakes (Lair:2)
  3 kobold demonologists
  10 freezing wraiths (IceCv)
  2 guardian mummies (D:11)
  3 trolls
  A polar bear (shapeshifter) (D:14)
  Grinder (D:5)
  4 slime creatures
  4 blink frogs (Lair:1)
  Sigmund (D:2)
  A shadow (D:15)
  4 wraiths
  6 yaks (D:11)
  2 wyverns
  3 hogs (D:12)
  2 steam dragons
  A death yak simulacrum (IceCv)
  An acid dragon (D:14)
  A water moccasin (D:12)
  7 ice beasts
  An orc warrior (D:9)
  3 black bears
  An alligator simulacrum (IceCv)
  A hornet zombie (D:10)
  3 eyes of draining
  4 sky beasts
  9 ogres
  2 necrophages
  4 centaurs
  A wolf (D:7)
  2 big kobolds
  10 bullfrogs
  4 gnoll sergeants (D:7)
  6 scorpions
  2 howler monkeys
  17 wights
  A bullfrog zombie (D:12)
  A quasit (D:7)
  5 centaur zombies
  2 draconian simulacra (IceCv)
  8 hounds
  2 jellies
  A bullfrog skeleton (D:13)
  5 gnoll shamans
  5 human zombies (D:9)
  2 orc priests
  2 orc wizards
  Crazy Yiuf (D:5)
  2 centaur skeletons
  An iguana (D:6)
  Ijyb (D:5)
  2 hell rats
  A human skeleton (D:9)
  9 worker ants
  2 wolf simulacra (IceCv)
  4 big kobold zombies (Ossuary)
  8 mummies
  6 adders
  31 gnolls
  A howler monkey skeleton (D:5)
  An ogre simulacrum (IceCv)
  A river rat (D:7)
  14 white imps
  2 ufetubi
  An ooze (D:4)
  3 adder zombies
  An adder skeleton (D:4)
  A worm (D:4)
  3 dart slugs
  5 leopard geckos
  26 orcs
  8 giant cockroaches
  A hobgoblin (D:1)
  11 jackals
  4 quokkas
  A ball python (D:3)
  7 bats
  A frilled lizard (D:1)
  18 goblins
  A hobgoblin zombie (Ossuary)
  A jackal skeleton (D:9)
  23 kobolds
  An orc skeleton (D:9)
  6 rats
397 creatures vanquished.

Vanquished Creatures (others)
  A quokka (D:4)
  A fungus (Lair:1)
  A plant (Lair:1)
  7 withered plants (D:8)
10 creatures vanquished.

Grand Total: 407 creatures vanquished

Notes
Turn   | Place    | Note
-------+----------+-------------------------------------------
     0 | D:1      | Dirian the Minotaur Fighter began the quest for the Orb.
     0 | D:1      | Reached XP level 1. HP: 19/19 MP: 0/0
    79 | D:1      | Reached XP level 2. HP: 22/27 MP: 1/1
   588 | D:2      | Reached XP level 3. HP: 22/33 MP: 2/2
   885 | D:2      | Reached skill level 3 in Long Blades
   933 | D:2      | Noticed Sigmund
   937 | D:2      | Killed Sigmund
   938 | D:2      | Reached skill level 4 in Long Blades
   938 | D:2      | Reached skill level 1 in Dodging
   938 | D:2      | Reached skill level 5 in Shields
   938 | D:2      | Reached XP level 4. HP: 37/41 MP: 3/3
   938 | D:2      | Reached XP level 5. HP: 43/47 MP: 4/4
  2724 | D:4      | Reached XP level 6. HP: 55/55 MP: 5/5
  2894 | D:4      | Reached skill level 5 in Long Blades
  2894 | D:4      | Reached skill level 5 in Armour
  3250 | D:4      | Reached skill level 5 in Fighting
  3507 | D:4      | Found a white marble altar of Elyvilon.
  3753 | D:5      | Entered Level 5 of the Dungeon
  3756 | D:5      | Noticed Grinder
  3756 | D:5      | Paralysed by Grinder for 5 turns
  3776 | D:5      | Reached skill level 6 in Long Blades
  3776 | D:5      | Reached XP level 7. HP: 58/61 MP: 6/6
  3814 | D:5      | Paralysed by Grinder for 3 turns
  3818 | D:5      | Killed Grinder
  3959 | D:5      | Found a runed translucent door.
  3960 | D:5      | Noticed Crazy Yiuf
  3986 | D:5      | Found a basalt altar of Yredelemnul.
  4067 | D:5      | Found Awicriem's Assorted Antiques.
  4131 | D:5      | Reached skill level 7 in Long Blades
  4236 | D:5      | Found an iron altar of Okawaru.
  4532 | D:5      | Noticed Ijyb
  4535 | D:5      | Killed Ijyb
  4681 | D:5      | Killed Crazy Yiuf
  4749 | D:6      | Found a sand-covered staircase.
  4754 | Ossuary  | Entered an ossuary
  4768 | Ossuary  | Reached XP level 8. HP: 62/69 MP: 7/7
  4797 | Ossuary  | Reached skill level 8 in Long Blades
  5078 | D:6      | Reached skill level 9 in Long Blades
  5260 | D:6      | Found Wenk's Armour Shoppe.
  5268 | D:6      | Found a hide-covered altar of Uskayaw.
  5309 | D:6      | Noticed a +0 dagger
  5310 | D:6      | Noticed a +0 hand axe
  5408 | D:6      | Found a snail-covered altar of Cheibriados.
  5919 | D:7      | Found a transporter.
  5929 | D:7      | Noticed a kobold demonologist
  5933 | D:7      | Noticed Maggie
  5942 | D:7      | Killed Maggie
  5943 | D:7      | Reached skill level 10 in Long Blades
  5943 | D:7      | Reached XP level 9. HP: 65/78 MP: 8/8
  6054 | D:7      | Found a transporter.
  6080 | D:7      | Found a staircase to the Ecumenical Temple.
  6838 | D:7      | Found a shimmering blue altar of Sif Muna.
  6923 | Temple   | Entered the Ecumenical Temple
  7022 | D:8      | Noticed a death yak
  7024 | D:8      | Reached skill level 11 in Long Blades
  7031 | D:8      | Noticed a death yak
  7062 | D:7      | Killed a death yak
  7381 | D:8      | Noticed a death yak
  7861 | D:8      | Reached XP level 10. HP: 72/90 MP: 9/9
  8020 | D:8      | Found a broken altar of Ashenzari.
  8068 | D:8      | Found a staircase to the Lair.
  8208 | D:8      | Found an ancient bone altar of Kikubaaqudgha.
  8563 | D:8      | Found a stormy altar of Qazlal.
  8777 | D:9      | Reached skill level 1 in Evocations
  8793 | D:9      | Reached skill level 12 in Long Blades
  8837 | D:9      | Noticed a two-headed ogre
  8846 | D:9      | Killed a two-headed ogre
  9279 | D:9      | Found an ornate altar of the Wu Jian Council.
  9343 | D:9      | Reached skill level 10 in Armour
  9456 | D:9      | Found a glowing silver altar of Zin.
  9739 | D:9      | Found a blossoming altar of Fedhas.
 10106 | D:9      | Found a basalt altar of Yredelemnul.
 10328 | D:9      | Got a faintly glowing chain mail
 10338 | D:9      | Identified the +1 chain mail "Loaly" {rPois} (You found it
                  | on level 9 of the Dungeon)
 10365 | D:10     | Entered Level 10 of the Dungeon
 10426 | D:10     | Found a hazy altar of Hepliaklqana.
 10686 | D:10     | Noticed Joseph
 10708 | D:10     | Killed Joseph
 10709 | D:10     | Reached skill level 13 in Long Blades
 10890 | D:10     | Noticed Psyche
 10893 | D:10     | Killed Psyche
 11317 | D:11     | Reached XP level 11. HP: 99/99 MP: 10/10
 11401 | D:11     | Killed an unseen horror
 11459 | D:11     | Found a portal to a secret trove of treasure.
 11699 | D:11     | Reached skill level 10 in Fighting
 11887 | D:11     | Found a staircase to the Orcish Mines.
 11893 | D:11     | Noticed a two-headed ogre
 11899 | D:11     | Killed a two-headed ogre
 12013 | D:11     | Reached skill level 14 in Long Blades
 12038 | D:11     | Noticed a cyan ugly thing
 12046 | D:11     | Killed a cyan ugly thing
 12697 | D:12     | Noticed a white ugly thing
 12710 | D:12     | Killed a white ugly thing
 12720 | D:12     | Killed an unseen horror
 13019 | D:12     | Noticed a two-headed ogre
 13029 | D:12     | Killed a two-headed ogre
 13030 | D:12     | Reached skill level 5 in Evocations
 13212 | D:12     | Noticed Kirke
 13369 | D:11     | Killed Kirke
 13370 | D:11     | Reached XP level 12. HP: 52/110 MP: 11/11
 13608 | D:12     | Found a burning altar of Makhleb.
 13688 | D:12     | You fall into a shaft and drop 3 floors!
 13688 | D:15     | Entered Level 15 of the Dungeon
 13734 | D:15     | Reached skill level 15 in Long Blades
 13740 | D:15     | Noticed an ogre mage
 13907 | D:14     | Found the +2 robe of Vines {NoPotionHeal Regen+7}
 13986 | D:14     | Noticed a boulder beetle
 13992 | D:14     | Killed a boulder beetle
 14106 | D:13     | Reached skill level 5 in Dodging
 14121 | D:13     | Noticed a centaur warrior
 14136 | D:13     | Killed a centaur warrior
 15226 | Lair:1   | Entered Level 1 of the Lair of Beasts
 15393 | Lair:2   | Found a frozen archway.
 15404 | IceCv    | Entered an ice cave
 15420 | IceCv    | Reached XP level 13. HP: 58/119 MP: 12/12
 16122 | IceCv    | Found an ancient bone altar of Kikubaaqudgha.
 16165 | IceCv    | Slain by a draconian simulacrum

Illustrated notes

Levels and vault maps discovered:
D:1:      denvon_arrival_planthouse, layout_rooms
D:2:      layout_loops_ring, kennysheep_nub, minmay_misc_feat_chi,
          minmay_cut_off, uniq_sigmund
D:3:      layout_basic, hangedman_decor_points, kennysheep_another_room
D:4:      layout_basic, elyvilon_altar_4, serial_park_tiny_2,
          minmay_ogre_servants
D:5:      layout_basic, nicolae_overflow_crystal_walls, serial_shops,
          kennysheep_mini, lemuel_tele_altar, uniq_crazy_yiuf_cottage,
          uniq_ijyb, uniq_grinder
D:6:      layout_rooms, lemuel_doored_altar, dancing_weapons_uskayaw,
          serial_shops, shop, nicolae_ossuary_entry_ruins
D:7:      gammafunk_wand_slinger, layout_cave_pools, kennysheep_little_box,
          minmay_temple_entry_waves, serial_gnoll_camp, gnoll_camp_medium_01,
          gnoll_camp_huts_moat, gnoll_camp_mini_hut, gnoll_camp_mini_hut,
          uniq_maggie
D:8:      layout_basic, old_standard_altar, lemuel_round_altar,
          kiku_gazebo_garden_becter, dpeg_lair_monsters
D:9:      layout_layer_cave, lemuel_mausoleum_altar_yredelemnul,
          lemuel_coloured_pillars_altar, pdpol_wu_jian_five_deadly_venoms,
          nicolae_overflow_hidden_temple
D:10:     layout_gridville, basic_altar, minivault_11, uniq_joseph, uniq_psyche
D:11:     layout_stronghold, orc_0_dummy, nicolae_trove_entry_path_of_doom,
          st_stairs_5, minmay_unpleasant_kobolds
D:12:     layout_irregular_city, basic_altar, uniq_kirke
D:13:     layout_gridville, erik_vaults_1, lightli_elemental_guards
D:14:     layout_loops_ring, hangedman_decor_peaks_small
D:15:     hangedman_depths_entry_civil_slaughter, layout_irregular_city,
          minmay_misc_feat_columns, lightli_fourway_metalbox
Temple:   eino_temple_lava
Lair:1:   layout_regular_city, beast_lair_carwin_3, serial_bayou_shore_b
Lair:2:   layout_cave_pods, portal_ice_cave_rime, chequers_serial_rivers_marsh
IceCv:    ice_cave_small_necro

Skill      XL: |  1  2  3  4  5  6  7  8  9 10 11 12 13 |
---------------+----------------------------------------+-----
Shields        | 4 5 |  5.0
Fighting       | 4 5 6 8 9 11 12 13 | 13.2
Armour         | 4 5 6 7 9 10 11 12 | 12.7
Long Blades    | 4 6 7 10 11 13 14 15 | 15.8
Dodging        | 1 2 3 4 5 |  5.0
Evocations     | 3 5 6 7 |  7.2

Action                   |  1- 3 |  4- 6 |  7- 9 | 10-12 | 13-15 || total
-------------------------+-------+-------+-------+-------+-------++-------
Melee: Long sword        |    83 |   117 |   356 |    52 |       ||   608
       Headbutt          |    10 |    20 |    83 |   140 |    28 ||   281
       Scimitar          |       |       |       |   549 |   109 ||   658
       Unarmed           |       |       |       |    11 |       ||    11
Evoke: Wand              |       |       |       |     5 |       ||     5
  Use: Scroll            |       |    12 |     6 |    17 |       ||    35
       Potion            |       |       |     3 |     2 |       ||     5
Armor: Scale mail        |    56 |    27 |       |       |       ||    83
       Chain mail        |       |    32 |   146 |   184 |    55 ||   417
Dodge: Dodged            |    32 |    20 |   100 |   136 |    22 ||   310
Block: Kite shield       |    47 |    50 |   222 |   257 |    60 ||   636
       Rpst.: Long sword |     8 |     3 |    28 |     2 |       ||    41
       Scimitar          |       |       |       |    22 |     3 ||    25
